 Dungeon Crawl Stone Soup version 0.30.1-11-g7821555f0a (webtiles) character file.

Game seed: 6847721451543616448

249 SacredBeard the Shooter (level 5, -1/45 HPs)
             Began as a Demigod Hunter on Nov 5, 2023.
             Slain by Blork the orc
             ... wielding a +0 dire flail
              (2 damage)
             ... on level 4 of the Dungeon.
             The game lasted 00:04:52 (2883 turns).

SacredBeard the Shooter (Demigod Hunter)            Turns: 2883, Time: 00:04:53

Health: -1/45      AC:  9    Str: 12    XL:     5   Next: 56%
Magic:  7/7        EV: 12    Int: 11    God:
Gold:   234        SH:  0    Dex: 21    Spells: 4/4 levels left

rFire   . . .        a - +0 shortbow
rCold   . . .        (shield currently unavailable)
rNeg    . . .        c - +0 leather armour
rPois   .            (no helmet)
rElec   .            s - +0 cloak
rCorr   .            (no gloves)
SInv    .            m - +0 pair of boots
Will    .....        (no amulet)
Stlth   ++           e - +4 ring of protection
HPRegen 0.27/turn    (no ring)
MPRegen 0.10/turn

%: no passive effects
@: no status effects
A: high MP 1, forlorn, divine attributes
a: no special abilities


You were on level 4 of the Dungeon.
You visited 1 branch of the dungeon, and saw 4 of its levels.

You collected 234 gold pieces.

Inventory:

Hand Weapons
 a - a +0 shortbow (weapon)
 t - the +6 hammer "Usamyn" {venom, Int+5 SInv}
   (You found it on level 2 of the Dungeon)

   Int:       It affects your intelligence (+5).
   SInv:      It lets you see invisible.
Missiles
 d - 6 atropa-tipped darts
 p - 14 poisoned darts
 v - a boomerang of dispersal
 z - 4 javelins
Armour
 c - a +0 leather armour (worn)
 m - a +0 pair of boots (worn)
 s - a +0 cloak (worn)
 w - a +0 plate armour
Jewellery
 e - a +4 ring of protection (left hand)
Scrolls
 b - a scroll of immolation
 h - a scroll of vulnerability {unknown}
 k - a scroll of fog {unknown}
 l - a scroll of brand weapon {unknown}
 q - 2 scrolls of teleportation {unknown}
 u - a scroll of poison {unknown}
 x - a scroll of amnesia {unknown}
 y - 3 scrolls of identify {unknown}
Potions
 f - 2 potions of attraction {unknown}
 g - 2 potions of haste {unknown}
 i - a potion of might {unknown}
 j - a potion of degeneration {unknown}
 n - 2 potions of curing {unknown}
 o - a potion of mutation {unknown}
 r - a potion of brilliance {unknown}


   Skills:
 * Level 3.6 Fighting
 + Level 4.1 Ranged Weapons
 + Level 1.7 Throwing
 - Level 2.0 Armour
 - Level 2.0 Dodging
 + Level 2.2 Stealth


You had 4 spell levels left.
You didn't know any spells.
Your spell library was empty.

Dungeon Overview and Level Annotations

Branches:
Dungeon (4/15) Zot: 21041
 Temple: D:4-7

Shops:
D:1 [

Annotations:
D:4 Blork the orc


Innate Abilities, Weirdness & Mutations

You have an increased reservoir of magic. (+10% MP)
You shall have no god before yourself.
Your divine heritage dramatically boosts your attributes as you level up.


Message History

You shoot an arrow. The arrow barely misses Blork the orc.
Blork the orc hits you with a +0 dire flail.
You shoot an arrow. The arrow closely misses Blork the orc.
Blork the orc hits you with a +0 dire flail. x2
You shoot an arrow. The arrow closely misses Blork the orc.
Blork the orc hits you but does no damage.
You shoot an arrow. The arrow hits Blork the orc.
Blork the orc is heavily wounded.
Blork the orc closely misses you.
You shoot an arrow. The arrow barely misses Blork the orc.
Blork the orc hits you with a +0 dire flail.
Blork the orc misses you.
You shoot an arrow. The arrow barely misses Blork the orc.
Blork the orc closely misses you.
You shoot an arrow. The arrow hits Blork the orc.
Blork the orc is severely wounded.
Blork the orc closely misses you.
You shoot an arrow.
The arrow hits Blork the orc but does no damage.
Blork the orc is severely wounded.
Blork the orc hits you but does no damage.
Blork the orc hits you with a +0 dire flail.
You shoot an arrow.
The arrow completely misses Blork the orc.
Blork the orc casts a cantrip, but nothing happens.
You shoot an arrow.
The arrow hits Blork the orc but does no damage.
Blork the orc is severely wounded.
Blork the orc hits you with a +0 dire flail!
* * * LOW HITPOINT WARNING * * *
You shoot an arrow. The arrow hits Blork the orc.
Blork the orc is almost dead.
Blork the orc hits you with a +0 dire flail!
* * * LOW HITPOINT WARNING * * *
Blork the orc gestures wildly while chanting.
Blork the orc seems to speed up.
You shoot an arrow. The arrow closely misses Blork the orc.
Blork the orc misses you.
Blork the orc hits you with a +0 dire flail.
You die...

##...######'#.........
##########....#................
#.............#................
##............+................
#.............#................
######'..########................
......####.......#######.........
......##.........#.....#.........
♣♣♣♣..#..#......@o.....#.........
♣..#.###.###..#.....#........<
♣..#.#....~#..# ....#.........
♣..#.#.....#..# ##########+#.
♣..#...._.....# #.
♣♣♣♣..#.#.....#..# #.
......#.#☼...§#..# #.
......#.###.###..# #. ######'.#
#... # #.


You could see Blork the orc (fast).

Vanquished Creatures
  A scorpion (D:3)
  Crazy Yiuf (D:2)
  A hound (D:4)
  Jessica (D:2)
  2 adders
  3 worms
  3 dart slugs
  6 orcs
  11 ball pythons
  6 endoplasms
  4 giant cockroaches
  4 hobgoblins
  2 quokkas (D:2)
  2 bats
  3 frilled lizards (D:2)
  6 goblins
  5 kobolds
  7 rats
68 creatures vanquished.

Notes
Turn   | Place    | Note
-------+----------+-------------------------------------------
     0 | D:1      | SacredBeard the Demigod Hunter began the quest for the Orb.
     0 | D:1      | Reached XP level 1. HP: 17/17 MP: 3/3
    16 | D:1      | Found Wului's Antique Armour Shoppe.
   120 | D:1      | Reached skill level 1 in Stealth
   347 | D:1      | Reached XP level 2. HP: 24/24 MP: 4/4
   921 | D:2      | Reached XP level 3. HP: 30/30 MP: 5/5
  1266 | D:2      | Noticed Jessica
  1272 | D:2      | Killed Jessica
  1273 | D:2      | Reached skill level 1 in Throwing
  1273 | D:2      | Reached skill level 1 in Armour
  1378 | D:2      | Reached XP level 4. HP: 37/37 MP: 6/6
  1627 | D:2      | Found a runed translucent door.
  1628 | D:2      | Noticed Crazy Yiuf
  1639 | D:2      | Killed Crazy Yiuf
  1640 | D:2      | Reached skill level 4 in Ranged Weapons
  1648 | D:2      | Identified the +6 hammer "Usamyn" {venom, Int+5 SInv}
  1962 | D:3      | Reached XP level 5. HP: 45/45 MP: 7/7
  2860 | D:4      | Noticed Blork the orc
  2882 | D:4      | HP: 1/45 [Blork the orc/+0 dire flail (10)]
  2883 | D:4      | Slain by Blork the orc

Illustrated notes

Levels and vault maps discovered:
D:1:      denvon_arrival_planthouse, layout_loops_ring, serial_shops, shop,
          amcnicky_mini_pool_small, serial_park_tiny_1,
          minmay_misc_feat_diagonals
D:2:      layout_basic, serial_curves, eino_curves_01, eino_curves_01,
          minmay_ruptured, uniq_crazy_yiuf_cottage, uniq_jessica
D:3:      minmay_spotlight, layout_loops_corners,
          dreamdust_ecumenical_altar_angels_and_demons, serial_bayou_pond_a
D:4:      layout_gridville, grunt_temple_overflow_magic_moments,
          nicolae_uskayaw_murder_on_the_dancefloor, grunt_qazlal_clouds,
          mainiacjoe_overflow_24_doors, kennysheep_pointless_box,
          palyth_stone_intersect, grunt_ministairs_11, minmay_stone_trees_small,
          kennysheep_small_square, uniq_blork_the_orc

Skill      XL: |  1  2  3  4  5 |
---------------+----------------+-----
Stealth        | 1 2 |  2.2
Fighting       | 2 3 |  3.6
Dodging        | 2 |  2.0
Throwing       | 1 |  1.7
Armour         | 1 2 |  2.0
Ranged Weapons | 4 |  4.1

Action                     |  1- 3 |  4- 6 || total
---------------------------+-------+-------++-------
   Fire: Shortbow          |   103 |   114 ||   217
 Armour: Leather armour    |    18 |    21 ||    39
  Dodge: Dodged            |    17 |    42 ||    59
